AoeStats
← 梦庄周

Arena

510255821Analyzed
4v4 RM · 1d ago on Sep 30, 2026· 40m 37s· 8 players
Game mode
Random Map
Map size
Large (8 player)
Population
200
Speed
Normal
Resources
Standard
Victory
Conquest
Starting age
Dark Age
Ending age
Imperial Age
RankedLock teamsTeams togetherTeam positionsShared explorationLock speedFull tech treeHidden civsTurbo modeCheats
Victory
Defeat
🇹🇼 Hindustanis · Taiwan
1159
+10
🇨🇳 Italians · China
1155
+10
🇦🇺 Huns · Australia
1138
+11
🇭🇰 Teutons · Hong Kong SAR China
1104
+12
🇵🇪 Cumans · Peru
1108
-13
🇹🇼 Teutons · Taiwan
1068
-13
🇨🇱 Wu · Chile
962
-9
🇵🇪 Danes · Peru
948
-8
It's me, Mario!
10:15 Feudal Age
10:58 Loom
12:34 Horse Collar
12:40 Double-Bit Axe
27:06 Castle Age
26:04 Wheelbarrow
25:27 Gold Mining
27:27 Capped Ram
29:35 Hand Cart
29:06 Town Watch
30:00 Gold Shaft Mining
29:16 Stone Mining
29:38 Bow Saw
29:30 Heavy Plow
29:45 Bloodlines
30:28 Forging
30:23 Scale Barding Armor
34:40 Imperial Age
32:25 Forging
32:20 Scale Barding Armor
33:24 Steppe Husbandry
34:03 Iron Casting
35:24 Chain Barding Armor
34:55 Elite Steppe Lancer
38:17 Blast Furnace
38:08 Chain Barding Armor
Dannu
11:13 Feudal Age
12:57 Loom
15:58 Castle Age
15:45 Double-Bit Axe
16:26 Horse Collar
17:18 Scale Mail Armor
19:13 Gold Mining
19:37 Bow Saw
24:53 Chain Mail Armor
24:52 Forging
24:58 Squires
denny0002000
7:21 Loom
9:27 Feudal Age
10:21 Double-Bit Axe
12:17 Horse Collar
16:11 Fletching
22:16 Forging
22:27 Man-at-Arms
25:52 Castle Age
24:56 Scale Mail Armor
24:58 Gold Mining
26:21 Wheelbarrow
26:16 Pikeman
26:58 Squires
28:13 Bow Saw
31:31 Heavy Plow
All Might
8:39 Loom
11:04 Feudal Age
12:20 Man-at-Arms
13:07 Double-Bit Axe
16:00 Horse Collar
22:52 Castle Age
21:15 Gold Mining
22:36 Fletching
25:23 Heavy Plow
25:54 Padded Archer Armor
26:41 Bow Saw
28:31 Bodkin Arrow
蛋雕
11:10 Feudal Age
12:43 Loom
15:06 Castle Age
14:30 Gold Mining
15:15 Double-Bit Axe
15:11 Horse Collar
15:30 Loom
16:58 Scale Barding Armor
20:53 Fletching
26:04 Bodkin Arrow
27:11 Town Watch
28:58 Heavy Plow
29:37 Ballistics
30:24 Scale Mail Armor
32:29 Forging
33:46 Gold Shaft Mining
33:41 Bow Saw
35:38 Wheelbarrow
35:23 Squires
36:02 Chain Barding Armor
36:19 Grand Trunk Road
36:09 Arson
38:10 Chain Mail Armor
39:16 Iron Casting
38:58 Bloodlines
38:45 Stone Mining
39:48 Husbandry
41:28 Stone Shaft Mining
Teutons_CF
3:43 Loom
11:34 Feudal Age
12:32 Double-Bit Axe
13:37 Town Watch
18:22 Castle Age
17:28 Horse Collar
17:51 Fletching
18:01 Scale Mail Armor
17:54 Man-at-Arms
18:59 Forging
22:54 Arson
30:07 Castle Age
28:20 Stone Mining
28:20 Gold Mining
31:45 Wheelbarrow
31:28 Bow Saw
30:55 Pikeman
31:38 Squires
32:26 Wheelbarrow
33:43 Heavy Plow
33:06 Long Swordsman
33:32 Gambesons
34:52 Chain Mail Armor
34:47 Gambesons
36:28 Hand Cart
38:17 Iron Casting
梦庄周
10:02 Feudal Age
13:47 Castle Age
11:39 Double-Bit Axe
12:13 Horse Collar
15:04 Bow Saw
20:24 Heavy Plow
21:17 Wheelbarrow
21:30 Stone Mining
21:53 Gold Mining
22:39 Hand Cart
25:04 Stone Shaft Mining
27:33 Imperial Age
24:48 Loom
25:24 Town Watch
25:53 Fletching
26:04 Padded Archer Armor
26:39 Ballistics
26:02 Treadmill Crane
26:43 Ballistics
26:59 Bodkin Arrow
27:03 Murder Holes
28:07 Leather Archer Armor
27:58 Scale Barding Armor
28:25 Thumb Ring
28:27 Town Patrol
28:31 Bracer
29:34 Chemistry
29:09 Conscription
29:57 Ring Archer Armor
30:43 Coinage
30:24 Guilds
30:04 Capped Ram
31:31 Elite Genoese Crossbowman
32:50 Chain Barding Armor
32:41 Forging
38:58 Plate Barding Armor
38:59 Iron Casting
AbIGwAteRmElOn
12:17 Feudal Age
10:33 Loom
13:09 Town Watch
14:01 Wheelbarrow
14:22 Horse Collar
15:24 Fletching
20:58 Double-Bit Axe
21:42 Stone Mining
27:00 Castle Age
25:31 Stone Mining
25:38 Gold Mining
26:31 Forging
26:27 Scale Barding Armor
27:13 Bloodlines
28:28 Bodkin Arrow
28:54 Chain Barding Armor
29:09 Iron Casting
29:28 Iron Casting
30:00 Hand Cart
31:14 Husbandry
31:56 Heavy Plow
32:16 Bow Saw
35:53 Gold Shaft Mining
40:06 Imperial Age
38:35 Marauders
40:34 Elite Tarkan
41:35 Conscription
Connection lost

Rejoining the realm…

Still unreachable

The connection could not be restored.

Session expired

The server has moved on; the page needs a fresh start.